 Dungeon Sprint DCSS version 0.22-a0-142-g91cc6d7 (webtiles) character file.

2906 esc the Unseen (level 9, -4/52 HPs)
             Began as a Spriggan Assassin on Feb 5, 2018.
             Was a High Priest of Dithmenos.
             Killed from afar by an oklob plant (12 damage)
             ... with a splash of acid
             ... in the Dungeon (Sprint IV: "Fedhas' Mad Dash").
             The game lasted 00:05:42 (519 turns).

esc the Unseen (Spriggan Assassin)                   Turns: 519, Time: 00:05:42

Health: -4/52      AC: -1    Str:  7    XL:     9   Next: 49%
Magic:  10/10      EV: 32    Int: 12    God:    Dithmenos [*****.]
Gold:   178        SH:  0    Dex: 21    Spells: 8/8 levels left

rFire    . . .     SeeInvis +   a - +2 dagger
rCold    . . .     Gourm    .   (shield restricted)
rNeg     . . .     Faith    .   c - +0 robe
rPois    .         Spirit   .   (helmet restricted)
rElec    .         Reflect  .   d - +0 cloak
rCorr    .         Harm     .   (gloves unavailable)
MR       +....     NoTele   +   (boots unavailable)
Stlth    ++++++++++             n - amulet of invisibility {+Inv}
HPRegen  0.17/turn              (no ring)
MPRegen  0.12/turn              (no ring)

@: corroded, very slightly contaminated, wreathed by umbra, very quick
A: very small, unfitting armour, see invisible, herbivore, speed 3, slow
metabolism 2
a: Shadow Step, Shadow Form, Renounce Religion, Evoke Invisibility


You were in the Dungeon.
You worshipped Dithmenos.
Dithmenos was extremely pleased with you.
You were not hungry.

You visited 1 branch You collected 178 gold pieces.

Inventory:

Hand Weapons
 a - a +2 dagger (weapon)
 b - a +0 blowgun
Missiles
 e - 8 poisoned needles
 f - 2 curare-tipped needles
Armour
 c - a +0 robe (worn)
 d - a +0 cloak (worn)
 p - a +2 buckler
   (You took it off a spriggan in the Dungeon)
Jewellery
 n - the amulet of invisibility (around neck) {+Inv}
   (You found it in the Dungeon)

   [amulet of nothing]

   It lets you turn invisible.
Scrolls
 m - a scroll of blinking {!r}
 o - a scroll of remove curse {unknown}
Potions
 h - a potion of curing
 i - a potion of heal wounds
 j - a potion of haste
 k - 2 potions of magic
 l - 2 potions of berserk rage {!q}
 q - 2 potions of flight {unknown}
Books
 r - a book of the Warp
   (You found it in the Dungeon)
Comestibles
 g - 2 rations


   Skills:
 + Level 8.9 Fighting
 + Level 11.3 Short Blades
 - Level 2.0 Throwing
 + Level 14.0 Dodging
 + Level 15.9 Stealth
 + Level 6.4 Shields


You had 8 spell levels left.
You didn't know any spells.

Dungeon Overview and Level Annotations

Branches:
Dungeon (1/1)

Altars:
Cheibriados
Dithmenos
Elyvilon
Gozag
Hepliaklqana
Kikubaaqudgha
Makhleb
Nemelex Xobeh
Okawaru
Qazlal
Ru
Sif Muna
Trog
Uskayaw
Vehumet
Wu Jian
Xom
Yredelemnul
Zin
The Shining One
Beogh
Jiyva
Lugonu

Shops:
D ::[}

Annotations:
D exclusion: oklob plant


Innate Abilities, Weirdness & Mutations

You are very small and have problems with some larger weapons.
You are too small for most types of armour.
You have supernaturally acute eyesight. (SInv)
You are a herbivore.
You cover ground extremely quickly.
You need consume almost no food.


Message History

You now have 3/9 mp.
The helpless oklob sapling fails to defend itself.
You perforate the oklob sapling like a sieve!!!!
You destroy the oklob sapling!
Dithmenos accepts your kill.
You can now transform into a swirling mass of shadows.
Your Fighting skill increases to level 8!
You catch the helpless oklob plant completely off-guard!
You spit the oklob plant like a pig!!!
You catch the helpless oklob plant completely off-guard!
You perforate the oklob plant like a sieve!!!
You destroy the oklob plant!
Dithmenos accepts your kill.
Your Dodging skill increases to level 13!
Your Stealth skill increases to level 15!
You have reached level 9!
Your experience leads to an increase in your attributes!
Increase (S)trength, (I)ntelligence, or (D)exterity?
You feel agile.
Health restored: 52 The helpless wandering mushroom fails to defend itself.
You stick the wandering mushroom like a pincushion!!!!
You destroy the wandering mushroom!
Dithmenos accepts your kill.
Your Shields skill increases to level 6!
You see here a runed trident.
You open the door.
There is an open door here.
You flicker for a moment.
A spriggan druid comes into view. It is wielding a quarterstaff.
You see here 7 gold pieces.
The helpless spriggan druid fails to defend itself.
You skewer the spriggan druid like a kebab!!!!
You kill the spriggan druid!
Dithmenos accepts your kill.
Your Short Blades skill increases to level 11!
Your Dodging skill increases to level 14!
You flicker back into view.
You now have 166 gold pieces (gained 5).
You now have 173 gold pieces (gained 7).
Things that are here:
a quarterstaff; a robe You see here 9 arrows.
l - 2 potions of berserk rage {!q} (gained 1)
There is an open door here.
You see here a runed trident.
There is an open door here.
There is an open door here.
You see here an inedible chunk of flesh {@w0}.
You see here an inedible chunk of flesh {@w0}.
You see here an inedible chunk of flesh {@w0}.
You open the door.
Really walk into a travel-excluded area?
There is an open door here.
You see here 9 gold pieces.
You hit the oklob plant but do no damage.
There is an open door here.
You close the door.
You see here an inedible chunk of flesh {@w0}.
There is an open door here.
There is an open door here.
You see here a hunting sling.
You see here a hunting sling.
Really walk into a travel-excluded area?
You see here 5 gold pieces.
You catch the helpless oklob sapling completely off-guard!
You stick the oklob sapling like a pincushion!!!
You destroy the oklob sapling!
Dithmenos accepts your kill.
You now have 178 gold pieces (gained 5).
You see here a hunting sling.
There is an open door here.
There is an open door here.
You see here an inedible chunk of flesh {@w0}.
MP restored: 10 You open the door.
Really walk into a travel-excluded area?
There is an open door here.
You see here 9 gold pieces.
You catch the helpless oklob plant completely off-guard!
You perforate the oklob plant like a sieve!!!
Your shadow hits the oklob plant but does no damage.
You hit the oklob plant but do no damage.
Your shadow hits the oklob plant but does no damage.
You hit the oklob plant but do no damage.
The oklob plant spits acid at you. The splash of acid hits you!
The acid corrodes you!
You are splashed with acid!
The acid burns!
You take 18 damage, and have 34/52 hp.
MASSIVE DAMAGE!!
You hit the oklob plant but do no damage.
You hit the oklob plant but do no damage.
The oklob plant spits acid at you. The splash of acid hits you!
You are splashed with acid!
The acid burns!
* * * LOW HITPOINT WARNING * * *
You take 26 damage, and have 8/52 hp.
MASSIVE DAMAGE!!
The oklob plant spits acid at you. The splash of acid hits you!
You die...

###################
#<..P#.....#.....#.
#PP..'.(...'.#)[.'.
#PPPP#.....#.#...#.
###############'##.
#...♣........'...#.
#...%%%♣.....#...##
#.....♣..♣..######♣
##@####'######.)'..
#$.#....'.......#♣.
#P[#..###.......#.♣
####### ##########


You could see an oklob plant.

Vanquished Creatures
  A spriggan druid (D)
  An oklob plant (D)
  3 burning bushes (D)
  A queen bee (D)
  3 wandering mushrooms (D)
  5 oklob saplings (D)
  2 scorpions (D)
  4 killer bees (D)
  A worker ant (D)
  2 spriggans (D)
  A river rat (D)
  A rat (D)
25 creatures vanquished.

Notes
Turn   | Place    | Note
-------+----------+-------------------------------------------
     0 | D        | esc the Spriggan Assassin began the quest for the Orb.
     0 | D        | Reached XP level 1. HP: 10/10 MP: 2/2
     8 | D        | Reached skill level 2 in Fighting
     8 | D        | Reached skill level 3 in Short Blades
     8 | D        | Reached skill level 3 in Dodging
     8 | D        | Reached skill level 6 in Stealth
     8 | D        | Reached XP level 2. HP: 15/15 MP: 3/3
    12 | D        | Noticed an oklob sapling
    18 | D        | Found the amulet of invisibility {+Inv}
    19 | D        | Reached skill level 3 in Fighting
    19 | D        | Reached skill level 4 in Short Blades
    19 | D        | Reached skill level 4 in Dodging
    19 | D        | Reached skill level 7 in Stealth
    19 | D        | Reached XP level 3. HP: 20/20 MP: 4/4
    34 | D        | Found an opulent altar of Gozag.
    34 | D        | Found a hazy altar of Hepliaklqana.
    34 | D        | Found a burning altar of Makhleb.
    34 | D        | Found a roughly hewn altar of Beogh.
    34 | D        | Found a sparkling altar of Nemelex Xobeh.
    34 | D        | Found a snail-covered altar of Cheibriados.
    34 | D        | Found a sacrificial altar of Ru.
    34 | D        | Found a deep blue altar of Sif Muna.
    34 | D        | Found a shimmering altar of Xom.
    34 | D        | Found a basalt altar of Yredelemnul.
    35 | D        | Found a viscous altar of Jiyva.
    35 | D        | Found a bloodstained altar of Trog.
    35 | D        | Found an ornate altar of the Wu Jian Council.
    35 | D        | Noticed an oklob sapling priest
    36 | D        | Found an iron altar of Okawaru.
    36 | D        | Found a shadowy altar of Dithmenos.
    36 | D        | Found a glowing silver altar of Zin.
    37 | D        | Found an ancient bone altar of Kikubaaqudgha.
    37 | D        | Found a hide-covered altar of Uskayaw.
    38 | D        | Found a stormy altar of Qazlal.
    38 | D        | Found a white marble altar of Elyvilon.
    38 | D        | Found a glowing golden altar of the Shining One.
    39 | D        | Found a corrupted altar of Lugonu.
    39 | D        | Found a radiant altar of Vehumet.
    42 | D        | Killed an oklob sapling priest
    42 | D        | Reached skill level 5 in Short Blades
    42 | D        | Reached skill level 6 in Dodging
    42 | D        | Reached skill level 8 in Stealth
    42 | D        | Reached XP level 4. HP: 25/25 MP: 5/5
    45 | D        | Became a worshipper of Dithmenos the Shadowed
    60 | D        | Reached skill level 4 in Fighting
    60 | D        | Reached skill level 9 in Stealth
    66 | D        | Reached skill level 7 in Dodging
    66 | D        | Reached XP level 5. HP: 22/30 MP: 3/6
    67 | D        | Reached * piety under Dithmenos
    67 | D        | Reached skill level 6 in Short Blades
    67 | D        | Reached skill level 8 in Dodging
    67 | D        | Reached skill level 10 in Stealth
    69 | D        | Reached skill level 5 in Fighting
    74 | D        | Found Bouppoci's Book Shop.
    74 | D        | Found Allingaps's Book Emporium.
   160 | D        | Noticed a burning bush
   160 | D        | Noticed a wandering mushroom
   161 | D        | Noticed a wandering mushroom
   164 | D        | Killed a burning bush
   164 | D        | Reached ** piety under Dithmenos
   164 | D        | Reached skill level 6 in Fighting
   164 | D        | Reached skill level 7 in Short Blades
   164 | D        | Reached skill level 9 in Dodging
   164 | D        | Reached skill level 11 in Stealth
   164 | D        | Reached skill level 2 in Shields
   164 | D        | Reached XP level 6. HP: 36/36 MP: 4/7
   165 | D        | Killed a wandering mushroom
   165 | D        | Reached skill level 8 in Short Blades
   165 | D        | Reached skill level 10 in Dodging
   165 | D        | Reached skill level 12 in Stealth
   165 | D        | Reached skill level 3 in Shields
   165 | D        | Reached XP level 7. HP: 41/41 MP: 4/8
   166 | D        | Killed a wandering mushroom
   166 | D        | Reached skill level 9 in Short Blades
   166 | D        | Reached skill level 11 in Dodging
   166 | D        | Reached skill level 13 in Stealth
   166 | D        | Reached skill level 4 in Shields
   167 | D        | Reached skill level 7 in Fighting
   173 | D        | Found Seegrad's Armour Shoppe.
   174 | D        | Found Huqecahu's Gadget Emporium.
   220 | D        | Reached *** piety under Dithmenos
   243 | D        | Noticed a queen bee
   254 | D        | Reached XP level 8. HP: 35/46 MP: 6/9
   267 | D        | Reached **** piety under Dithmenos
   272 | D        | Killed a queen bee
   272 | D        | Reached skill level 12 in Dodging
   272 | D        | Reached skill level 14 in Stealth
   290 | D        | Noticed an oklob plant
   345 | D        | Noticed a burning bush
   348 | D        | Killed a burning bush
   348 | D        | Reached skill level 10 in Short Blades
   348 | D        | Reached skill level 5 in Shields
   404 | D        | Noticed a burning bush
   404 | D        | Noticed an oklob plant
   405 | D        | Noticed a wandering mushroom
   406 | D        | Killed a burning bush
   406 | D        | Reached ***** piety under Dithmenos
   408 | D        | Reached skill level 8 in Fighting
   410 | D        | Killed an oklob plant
   410 | D        | Reached skill level 13 in Dodging
   410 | D        | Reached skill level 15 in Stealth
   410 | D        | Reached XP level 9. HP: 52/52 MP: 3/10
   411 | D        | Killed a wandering mushroom
   411 | D        | Reached skill level 6 in Shields
   422 | D        | Noticed a spriggan druid
   423 | D        | Killed a spriggan druid
   423 | D        | Reached skill level 11 in Short Blades
   423 | D        | Reached skill level 14 in Dodging
   518 | D        | HP: 8/52 [acid (16)]
   519 | D        | Killed from afar by an oklob plant

Vault maps used:
D:        dungeon_sprint_fedhas

Skill      XL: |  1  2  3  4  5  6  7  8  9 |
---------------+----------------------------+-----
Fighting       | 2 3 4 6 7 8 |  8.9
Short Blades   | 3 4 5 7 8 9 10 11 | 11.3
Dodging        | 3 4 6 7 9 10 11 13 14 | 14.0
Stealth        | 6 7 8 9 11 12 13 15 | 15.9
Shields        | 2 3 4 5 6 |  6.4
Throwing       | |  2.0

Action                   |  1- 3 |  4- 6 |  7- 9 || total
-------------------------+-------+-------+-------++-------
Melee: Dagger            |     4 |    10 |    46 ||    60
Invok: Shadow Step       |       |       |     1 ||     1
 Abil: Evoke Invisibilit |       |     2 |     2 ||     4
 Stab: Sleeping          |     4 |     5 |     7 ||    16
       Invisible         |       |     1 |     9 ||    10
       Distracted        |       |       |     2 ||     2
Dodge: Dodged            |       |       |    25 ||    25

Table legend:
 A = Spawn XP
 B = Non-spawn XP
 C = Spawn XP percentage of total XP
 D = Spawn monster count
 E = Non-spawn monster count
 F = Spawn count percentage of total count
 G = Total turns spent on level
                    A         B        C        D         E        F      G
               +---------+---------+-------+---------+---------+-------+---------
         Total |       0 |    4152 |   0.0 |       0 |      25 |   0.0 |   519
               +---------+---------+-------+---------+---------+-------+---------
             D |       0 |    4152 |   0.0 |       0 |      25 |   0.0 |   519
               +---------+---------+-------+---------+---------+-------+---------

Vault maps used:
D:        dungeon_sprint_fedhas

Table legend:
 A = Turns spent in this place as a percentage of turns spent in the entire game.
 B = Non-inter-level travel turns spent in this place as a percentage of non-inter-level travel turns spent in the entire game.
 C = Inter-level travel turns spent in this place as a percentage of turns spent in this place.
 D = Turns resting spent in this place as a percentage of non-inter-level travel turns spent in this place.
 E = Turns spent auto-exploring this place as a percentage of non-inter-level travel turns spent in this place.
 F = Non-inter-level travel turns spent in this place divided by the number of levels of this place that you've seen.
                   A       B       C       D       E      F
               +-------+-------+-------+-------+-------+----------------------
         Total | 100.0 | 100.0 |   5.8 |  19.4 |   0.0 | 489.0
       Dungeon | 100.0 | 100.0 |   5.8 |  19.4 |   0.0 | 489.0
               +-------+-------+-------+-------+-------+----------------------

Table legend:
 A = Kills in this place as a percentage of kills in entire the game.
 B = Kills by you in this place as a percentage of kills by you in the entire game.
 C = Kills by friends in this place as a percentage of kills by friends in the entire game.
 D = Other kills in this place as a percentage of other kills in the entire game.
 E = Experience gained in this place as a percentage of experience gained in the entire game.
 F = Experience gained in this place divided by the number of levels of this place that you have seen.
                   A       B       C       D       E      F
               +-------+-------+-------+-------+-------+----------------------
         Total | 100.0 | 100.0 |   N/A |   N/A | 100.0 | 4152.0
       Dungeon | 100.0 | 100.0 |   N/A |   N/A | 100.0 | 4152.0
               +-------+-------+-------+-------+-------+----------------------
